 Dungeon Crawl Stone Soup version 0.28.0-53-g5a82cb258f (webtiles) character file.

Game seed: 12582428520432730735

1078 styxcanada the Covert (level 8, -1/39 HPs)
             Began as a Spriggan Brigand on Aug 14, 2022.
             Was an Initiate of Gozag.
             Killed by divine providence
             ... invoked by an orc priest
              (15 damage)
             ... on level 6 of the Dungeon.
             The game lasted 00:21:26 (6268 turns).

styxcanada the Covert (Spriggan Brigand)            Turns: 6268, Time: 00:21:27

Health: -1/39      AC:  7    Str:  7    XL:     8   Next: 8%
Magic:  14/14      EV: 21    Int: 13    God:    Gozag
Gold:   108        SH:  0    Dex: 24    Spells: 7/13 levels left

rFire   . . .      SeeInvis +   g - +2 dagger (venom)
rCold   . . .      Faith    .   (no shield)
rNeg    . . .      Spirit   .   b - +0 robe
rPois   .          Reflect  .   (helmet restricted)
rElec   .          Harm     .   B - +0 cloak {Stlth+}
rCorr   .          Rampage  .   (gloves unavailable)
Will    +....                   (boots unavailable)
Stlth   ++++++....              t - amulet of regeneration
HPRegen 0.93/turn               y - +6 ring of dexterity
MPRegen 0.14/turn               v - +4 ring of protection

@: gold aura, very quick
A: very small, no large weapons, unfitting armour, see invisible, speed 3
a: Renounce Religion, Potion Petition, Call Merchant, Bribe Branch


You were on level 6 of the Dungeon.
You worshipped Gozag.
Gozag was aware of your devotion.
You visited 2 branches of the dungeon, and saw 7 of its levels.

You collected 361 gold pieces.
You spent 161 gold pieces at shops.
You paid 92 gold pieces to Gozag.

Inventory:

Hand Weapons
 a - a +2 dagger of protection
 g - a +2 dagger of venom (weapon)
 r - a +2 hand axe of flaming
Missiles
 d - 9 poisoned darts (quivered)
 e - a curare-tipped dart
 h - 18 sling bullets
 i - 223 stones
Armour
 b - a +0 robe (worn)
 B - a +0 cloak of stealth (worn)
Magical Staves
 s - a staff of conjuration
Jewellery
 m - a ring of protection from fire
 n - a ring of resist corrosion
 t - an amulet of regeneration (around neck)
 v - a +4 ring of protection (right hand)
 y - a +6 ring of dexterity (left hand)
Wands
 w - a wand of iceblast (10)
Scrolls
 c - a scroll of enchant armour {unknown}
 j - 3 scrolls of brand weapon
 k - 2 scrolls of blinking
 z - 3 scrolls of identify {unknown}
 C - a scroll of magic mapping {unknown}
Potions
 f - a potion of heal wounds
 l - 2 potions of might {unknown}
 o - a potion of invisibility {unknown}
 p - a potion of curing {unknown}
 q - a potion of attraction {unknown}
 u - a potion of lignification {unknown}
 x - a potion of haste {unknown}
 A - 3 potions of degeneration {unknown}


   Skills:
 + Level 2.9 Fighting
 + Level 4.3 Short Blades
 + Level 2.7 Throwing
 * Level 4.6 Dodging
 * Level 10.7 Stealth
 * Level 3.4 Spellcasting
 * Level 1.1 Conjurations
 * Level 1.2 Summonings
 * Level 0.1 Air Magic
 * Level 0.2 Poison Magic
 * Level 0.3 Evocations


You had 7 spell levels left.
You knew the following spells:

 Your Spells              Type           Power      Damage    Failure   Level
a - Call Canine Familiar  Summ           5%         N/A       36%         3
b - Mephitic Cloud        Conj/Pois/Air  3%         N/A       47%         3

Your spell library contained the following spells:

 Spells                   Type           Power      Damage    Failure   Level
 Summon Small Mammal      Summ           20%        N/A       13%         1
 Apportation              Tloc           4%         N/A       22%         1
 Summon Guardian Golem    Hex/Summ       3%         N/A       45%         3
 Ignite Poison            Fire/Tmut/Pois 2%         N/A       54%         3
 Portal Projectile        Hex/Tloc       4%         N/A       54%         3
 Leda's Liquefaction      Hex/Erth       1%         N/A       91%         4
 Alistair's Intoxication  Tmut/Pois      1%         N/A       99%         5
 Freezing Cloud           Conj/Ice/Air   1%         6-21      99%         5


Dungeon Overview and Level Annotations

Branches:
Dungeon (6/15)             Temple (1/1) D:5

Altars:
Ashenzari
Cheibriados
Dithmenos
Elyvilon
Fedhas
Gozag
Hepliaklqana
Kikubaaqudgha
Makhleb
Nemelex Xobeh
Okawaru
Qazlal
Sif Muna
Trog
Uskayaw
Vehumet
Wu Jian
Xom
Yredelemnul
Zin
The Shining One

Shops:
D:3 [[   D:4 (


Innate Abilities, Weirdness & Mutations

You are very small and have problems with some larger weapons.
You are too small for most types of armour.
You have supernaturally acute eyesight. (SInv)
You cover ground extremely quickly. (Speed+++)


Message History

The centaur closely misses you.
The centaur kicks you but does no damage.
The orc priest shouts!
You hit the centaur.
The centaur looks as sick as possible!
The centaur is moderately wounded.
You hear a shout!
The centaur hits you but does no damage.
The centaur misses you.
You hit the centaur.
The centaur looks as sick as possible!
The centaur is heavily wounded.
The centaur misses you. x2; The shadow imp misses you.
You hit the shadow imp.
The shadow imp is poisoned.
The shadow imp is moderately wounded.
The centaur misses you. x2
An orc warrior comes into view. It is wielding a +0 hand axe.
The centaur barely misses you. The centaur closely misses you.
You barely miss the shadow imp.
The shadow imp is moderately wounded.
The shadow imp hits you but does no damage.
The centaur misses you. The centaur kicks you.
You hit the centaur.
The centaur looks as sick as possible!
The centaur is severely wounded.
You kill the centaur!
An orc comes into view. It is wielding a +4 hand axe.
The shadow imp misses you.
The orc priest mumbles some strange prayers to Beogh against you.
Beogh smites you!
You hit the shadow imp.
The shadow imp is almost dead.
The shadow imp misses you.
You barely miss the shadow imp.
The shadow imp is almost dead.
The orc priest invokes the aid of Beogh against you.
Beogh smites you! The shadow imp completely misses you.
You hit the shadow imp but do no damage.
The shadow imp is almost dead.
The orc priest invokes the aid of Beogh against you.
Beogh smites you!
You die...
Your body crumbles into a pile of gold.

$ #.......#..#
#.......#?.#..
#....o..#..#..
#.............
#..o.o.......###
#..............
#....5$..# ..###
#.....@..##....
#####......#.#
#.##)....# #.
#<....#
######+####.#.#
#...........# #
#...........#
#...........#####
#.................


You could see an orc warrior, an orc priest, a shadow imp (very poisoned) and an
orc.

Vanquished Creatures
  Eustachio (D:4)
  A centaur (D:6)
  2 phantoms
  A scorpion (D:4)
  2 jellies (D:5)
  2 hounds (D:5)
  A bullfrog zombie (D:6)
  A gnoll shaman (D:4)
  An orc priest (D:3)
  3 iguanas (D:5)
  A scorpion zombie (D:5)
  3 orc wizards (D:3)
  2 hound skeletons
  Robin (D:4)
  3 gnolls (D:4)
  9 adders
  An ufetubus (D:5)
  A worm (D:3)
  4 dart slugs
  11 orcs
  5 ball pythons
  4 bats
  4 endoplasms
  3 giant cockroaches
  8 hobgoblins
  8 kobolds
  5 quokkas
  2 frilled lizards
  18 goblins
  6 rats
114 creatures vanquished.

Vanquished Creatures (others)
  3 plants (D:3)
3 creatures vanquished.

Grand Total: 117 creatures vanquished

Notes
Turn   | Place    | Note
-------+----------+-------------------------------------------
     0 | D:1      | styxcanada the Spriggan Brigand began the quest for the
                  | Orb.
     0 | D:1      | Reached XP level 1. HP: 10/10 MP: 2/2
    88 | D:1      | Reached skill level 6 in Stealth
   300 | D:1      | Reached XP level 2. HP: 14/15 MP: 3/3
   915 | D:2      | Reached skill level 1 in Spellcasting
   915 | D:2      | Reached XP level 3. HP: 18/18 MP: 5/5
  1276 | D:3      | Reached skill level 7 in Stealth
  1383 | D:3      | Found Reherel's Armour Shop.
  1405 | D:3      | Reached XP level 4. HP: 23/23 MP: 6/6
  1577 | D:3      | Reached skill level 8 in Stealth
  1577 | D:3      | Reached XP level 5. HP: 18/26 MP: 6/8
  2127 | D:3      | Found Gumyghay's Armour Emporium.
  2160 | D:3      | Found a faded altar of an unknown god.
  2266 | D:4      | Noticed Eustachio
  2322 | D:4      | Killed Eustachio
  2323 | D:4      | Reached skill level 9 in Stealth
  2323 | D:4      | Reached XP level 6. HP: 15/32 MP: 8/10
  2754 | D:4      | Noticed Robin
  3061 | D:4      | Killed Robin
  3466 | D:4      | Learned a level 3 spell: Call Canine Familiar
  4028 | D:4      | Reached XP level 7. HP: 25/35 MP: 11/11
  4755 | D:4      | Found Metydgha's Weapon Shop.
  4857 | D:5      | Entered Level 5 of the Dungeon
  4901 | D:5      | Reached skill level 10 in Stealth
  4929 | D:5      | Reached skill level 1 in Summonings
  5287 | D:5      | Learned a level 3 spell: Mephitic Cloud
  5447 | D:5      | Found a staircase to the Ecumenical Temple.
  5457 | Temple   | Entered the Ecumenical Temple
  5702 | Temple   | Became a worshipper of Gozag Ym Sagoz the Greedy
  5947 | D:5      | Found a blossoming altar of Fedhas.
  6013 | D:3      | Bought a +0 cloak of stealth for 161 gold pieces
  6225 | D:6      | Reached skill level 1 in Conjurations
  6225 | D:6      | Reached XP level 8. HP: 39/39 MP: 14/14
  6268 | D:6      | Killed from afar by an orc priest

Illustrated notes

Levels and vault maps discovered:
D:1:      minmay_arrival_stair_chambers, layout_basic, nrook_loot_triangle
D:2:      layout_rooms
D:3:      corexii_shack_village, layout_rooms,
          chequers_ecumenical_altar_simple_redux, serial_shops, shop_statue,
          shop
D:4:      layout_gridville, serial_shops, shop_coins,
          corexii_item_surrounded_by_moat, uniq_robin, uniq_eustachio
D:5:      layout_basic, fedhas_altar_4, minmay_temple_entry_statues_fountains
D:6:      cheibrodos_thug_alley, layout_basic, nicolae_fountain_basement,
          uniq_edmund
Temple:   mainiacjoe_temple_starburst

Skill      XL: |  1  2  3  4  5  6  7 |
---------------+----------------------+-----
Stealth        | 6 7 8 9 10 | 10.7
Spellcasting   | 1 2 3 |  3.4
Fighting       | 2 |  2.9
Dodging        | 2 3 4 |  4.6
Short Blades   | 3 4 |  4.3
Summonings     | 1 |  1.2
Conjurations   | 1 |  1.1
Throwing       | |  2.7
Air Magic      | |  0.1
Poison Magic   | |  0.2
Evocations     | |  0.3

Action                   |  1- 3 |  4- 6 |  7- 9 || total
-------------------------+-------+-------+-------++-------
Melee: Dagger            |    70 |   168 |   102 ||   340
       Punch             |       |     2 |     3 ||     5
Throw: Dart              |     3 |    32 |     5 ||    40
  Use: Potion            |     1 |       |       ||     1
       Scroll            |       |     2 |     1 ||     3
 Stab: Sleeping          |    11 |    20 |    11 ||    42
       Distracted        |       |     1 |       ||     1
Armor: Robe              |     5 |    16 |    14 ||    35
Dodge: Dodged            |    42 |    79 |    60 ||   181
